 Dungeon Crawl Stone Soup version 0.28-b1-25-g9875b3fc8c (webtiles) character file.

Game seed: 12191940713853767209

31757 raph the Reanimator (level 13, -5/104 (117) HPs)
             Began as a Deep Dwarf Necromancer on Feb 7, 2022.
             Was an Elder of Makhleb.
             Slain by a two-headed ogre (13 damage)
             ... on level 1 of the Orcish Mines.
             The game lasted 00:40:44 (24641 turns).

raph the Reanimator (Deep Dwarf Necromancer)       Turns: 24641, Time: 00:40:44

HP:   -5/104 (117)  AC: 17    Str: 12    XL:     13   Next: 27%
MP:   18/33 (24)    EV: 15    Int: 21    God:    Makhleb [****..]
Gold: 525           SH:  0    Dex: 13    Spells: 3/27 levels left

rFire   . . .      SeeInvis .   a - +2 war axe (elec)
rCold   . . .      Faith    .   (no shield)
rNeg    . . .      Spirit   .   p - +1 steam dragon scales
rPois   .          Reflect  .   i - +0 helmet
rElec   .          Harm     .   B - +0 cloak
rCorr   .          Rampage  .   v - +0 pair of gloves
Will    +....                   n - +1 pair of boots
Stlth   +++.......              (no amulet)
HPRegen 0.00/turn               h - +4 ring of protection
MPRegen 0.23/turn               s - ring of magical power

@: death channelling, heavily drained
A: damage resistance, heal wounds, sense surroundings 2, no regeneration
a: Heal Wounds, Renounce Religion, Minor Destruction, Lesser Servant of Makhleb,
Major Destruction


You were on level 1 of the Orcish Mines.
You worshipped Makhleb.
Makhleb was greatly pleased with you.
You visited 4 branches of the dungeon, and saw 16 of its levels.

You collected 931 gold pieces.
You spent 406 gold pieces at shops.

Inventory:

Hand Weapons
 a - a +2 war axe of electrocution (weapon)
 b - a +0 hand crossbow
 j - a +0 short sword of freezing
 m - a +2 dagger of holy wrath
 x - a +2 war axe
Missiles
 k - 25 poisoned darts
 w - 85 bolts
Armour
 i - a +0 helmet (worn)
 n - a +1 pair of boots (worn)
 p - +1 steam dragon scales (worn)
 v - a +0 pair of gloves (worn)
 B - a +0 cloak (worn)
Jewellery
 h - a +4 ring of protection (left hand)
 r - a ring of protection from fire
 s - a ring of magical power (right hand)
 u - a ring of poison resistance
 y - a ring of see invisible
 H - a ring of magical power
Wands
 D - a wand of acid (5)
 K - a wand of flame (8)
Scrolls
 c - 4 scrolls of teleportation
 d - 2 scrolls of magic mapping
 q - 2 scrolls of blinking
 J - a scroll of fog
 L - a scroll of identify
Potions
 e - 8 potions of curing
 f - 2 potions of heal wounds
 g - 3 potions of brilliance
 l - 3 potions of haste
 o - 4 potions of attraction
 z - a potion of berserk rage
 A - a potion of resistance
 C - a potion of cancellation
 E - a potion of flight
 F - a potion of mutation
 G - a potion of magic {unknown}
 I - a potion of might {unknown}
Miscellaneous
 t - a condenser vane (inert)


   Skills:
 + Level 8.2 Fighting
 * Level 9.3 Axes
 + Level 6.6 Armour
 + Level 7.0 Dodging
 - Level 6.4 Stealth
 + Level 7.8 Spellcasting
 * Level 14.8 Necromancy
 * Level 7.2 Invocations
 + Level 0.4 Evocations


You had 3 spell levels left.
You knew the following spells:

 Your Spells              Type           Power      Damage    Failure   Level
a - Pain                  Necr           100%       1d9       1%          1
b - Animate Skeleton      Necr           100%       N/A       1%          1
c - Vampiric Draining     Necr           63%        2d10      1%          3
d - Animate Dead          Necr           31%        N/A       1%          4
e - Dispel Undead         Necr           63%        3d22      1%          4
f - Death Channel         Necr           31%        N/A       2%          6
g - Agony                 Necr           63%        N/A       1%          5

Your spell library contained the following spells:

 Spells                   Type           Power      Damage    Failure   Level
 Corpse Rot               Necr/Air       78%        N/A       1%          2
 Apportation              Tloc           16%        N/A       9%          1
 Slow                     Hex            32%        N/A       9%          1
 Summon Small Mammal      Summ           32%        N/A       9%          1
 Confusing Touch          Hex            8%         N/A       24%         3
 Ignite Poison            Fire/Tmut/Pois 8%         N/A       24%         3
 Mephitic Cloud           Conj/Pois/Air  8%         N/A       24%         3
 Freezing Cloud           Conj/Ice/Air   4%         6-21      92%         5


Dungeon Overview and Level Annotations

Branches:
Dungeon (9/15)             Temple (1/1) D:5            Lair (5/6) D:8
  Swamp (0/4) Lair:4        Snake (0/4) Lair:2        Slime (0/5) Lair:5
    Orc (1/2) D:9

Altars:
Ashenzari
Cheibriados
Dithmenos
Elyvilon
Fedhas
Gozag
Hepliaklqana
Kikubaaqudgha
Makhleb
Nemelex Xobeh
Okawaru
Qazlal
Sif Muna
Trog
Vehumet
Wu Jian
Xom
Yredelemnul
Zin
The Shining One
Jiyva

Shops:
D:2 [   D:4 ((?=

Annotations:
D:8 2 runed translucent doors, Armakuni's ghost, novice HODe
D:9 Gastronok
Lair:5 Nessos; Rupert


Innate Abilities, Weirdness & Mutations

You are resistant to damage.
You can heal yourself by infusing magical energy.
You passively map the area around you.
You do not regenerate.


Message History

Aiming: Pain (safe; 1% risk of failure)
Press: ? - help, Q - select action, (/) - cycle Shift-Dir - straight line, f - orc warrior
Aim: an orc warrior, wielding a +0 trident and wearing a +0 chain mail (chance to affect: 83%)
The orc warrior writhes in agony.
The orc warrior barely misses you.
Aiming: Pain (safe; 1% risk of failure)
Press: ? - help, Q - select action, (/) - cycle Shift-Dir - straight line, f/p - orc warrior
Aim: an orc warrior, wielding a +0 trident and wearing a +0 chain mail (moderately wounded, chance to affect: 83%)
The orc warrior writhes in agony!
The orc warrior completely misses you.
A two-headed ogre comes into view.
It is wielding the +10 dark maul {vorpal} and a +2 vorpal dire flail.
Aiming: Pain (safe; 1% risk of failure)
Press: ? - help, Q - select action, (/) - cycle Shift-Dir - straight line, f/p - orc warrior
Aim: an orc warrior, wielding a +0 trident and wearing a +0 chain mail (heavily wounded, chance to affect: 83%)
Okay, then.
Casting: Pain (safe; 1% risk of failure)
Confirm with . or Enter, or press ? or * to list all spells.
Malign forces permeate your being, awaiting release.
The orc warrior hits you from afar with a +0 trident.
The orc warrior barely misses you.
Casting: Death Channel (dangerous; 2% risk of failure)
Confirm with . or Enter, or press ? or * to list all spells.
Aiming: Vampiric Draining (safe; 1% risk of failure)
Press: ? - help, Shift-Dir - straight line, f/p - orc warrior
Aim: an orc warrior, wielding a +0 trident and wearing a +0 chain mail (heavily wounded)
You draw life force from the orc warrior.
You feel life coursing into your body.
The orc warrior hits you with a +0 trident!
The two-headed ogre closely misses you. x2
Casting: Vampiric Draining (safe; 1% risk of failure)
Confirm with . or Enter, or press ? or * to list all spells.
Aiming: Vampiric Draining (safe; 1% risk of failure)
Press: ? - help, Shift-Dir - straight line, f/p - orc warrior
Aim: an orc warrior, wielding a +0 trident and wearing a +0 chain mail (heavily wounded)
You draw life force from the orc warrior!
You feel life coursing into your body. The orc warrior closely misses you.
The orc warrior barely misses you.
The two-headed ogre hits you with the +10 dark maul {vorpal}!!!
* * * LOW HITPOINT WARNING * * *
You die...

* , #... * ,, ,
#####... ,,,* ,
##.#.##.. * #., ,
#........ #. , , ,
##....... #. ,
#....... #., ##..#.##.
#.#######.# ##...###..
#...O@)...###.#.#.#...
#....o....#....#......
#''########.......##.#
#.(.......'....#.#####
#.........'..#####
##############


You could see a two-headed ogre and an orc warrior.

Vanquished Creatures
  4 hydras
  A boulder beetle (Lair:5)
  Erica (D:8)
  5 death yaks (Lair:5)
  2 two-headed ogres
  Urug (Lair:4)
  A cyclops (Orc:1)
  9 elephants
  2 cane toads
  2 torpor snails
  4 komodo dragons
  A troll (D:7)
  A hornet (Lair:5)
  3 polar bears
  6 blink frogs
  A dream sheep (Lair:3)
  Sigmund (D:5)
  20 yaks
  3 wyverns
  2 steam dragons
  6 water moccasins
  A warg (Orc:1)
  3 orc warriors
  4 sky beasts
  3 black bears
  A necrophage (D:6)
  An ice beast (D:6)
  4 ogres
  A hornet zombie (D:6)
  9 wolves
  4 centaurs
  14 bullfrogs
  3 scorpions
  A wyvern skeleton (D:5)
  4 killer bees (D:5)
  4 wights (D:8)
  A howler monkey (D:7)
  3 electric eels
  A centaur zombie (D:5)
  4 orc priests (Orc:1)
  2 centaur skeletons
  6 hounds
  A jelly (D:8)
  3 bullfrog skeletons
  Terence (D:3)
  An iguana (D:6)
  A scorpion zombie (D:5)
  6 orc wizards
  A killer bee zombie (D:6)
  2 hound skeletons (D:4)
  A howler monkey zombie (D:9)
  4 gnolls (D:5)
  9 adders
  2 white imps (D:7)
  An ufetubus (D:7)
  An adder skeleton (D:5)
  3 dart slugs
  A worm (D:3)
  26 orcs
  8 bats
  5 endoplasms
  6 giant cockroaches
  6 goblins
  14 hobgoblins
  5 jackals
  9 kobolds
  7 quokkas
  5 ball pythons
  4 frilled lizards
  4 rats
287 creatures vanquished.

Vanquished Creatures (collateral kills)
  A hydra (Lair:2)
  A death yak (Lair:5)
  5 elephants (Lair:3)
  A black mamba (Lair:4)
  A polar bear (Lair:5)
  3 blink frogs (Lair:5)
  3 dream sheep (Lair:3)
  9 yaks
  A water moccasin skeleton (D:5)
  A killer bee (D:5)
  2 electric eels (Lair:5)
  An orc priest (D:8)
  A howler monkey skeleton (D:4)
  A dart slug (D:1)
  A goblin (D:1)
32 creatures vanquished.

Vanquished Creatures (others)
  19 fungi
  32 plants
51 creatures vanquished.

Grand Total: 370 creatures vanquished

Notes
Turn   | Place    | Note
-------+----------+-------------------------------------------
     0 | D:1      | raph the Deep Dwarf Necromancer began the quest for the
                  | Orb.
     0 | D:1      | Reached XP level 1. HP: 15/15 MP: 3/3
    55 | D:1      | Learned a level 1 spell: Animate Skeleton
   298 | D:1      | Reached XP level 2. HP: 22/22 MP: 0/4
   373 | D:1      | Reached skill level 5 in Necromancy
   965 | D:1      | Reached XP level 3. HP: 28/28 MP: 3/5
  1178 | D:1      | Learned a level 3 spell: Vampiric Draining
  1787 | D:2      | Found a faded altar of an unknown god.
  1812 | D:2      | Found Xaloism's Antique Armour Shop.
  2619 | D:3      | Found a shadowy altar of Dithmenos.
  2702 | D:3      | Noticed Terence
  2708 | D:3      | Killed Terence
  2709 | D:3      | Reached skill level 1 in Fighting
  2709 | D:3      | Reached skill level 6 in Necromancy
  2709 | D:3      | Reached XP level 4. HP: 38/38 MP: 2/7
  4383 | D:4      | Noticed a sky beast
  4392 | D:4      | Killed a sky beast
  4393 | D:4      | Reached XP level 5. HP: 45/45 MP: 0/8
  4615 | D:4      | Found Otworar's Antique Weapon Boutique.
  4618 | D:4      | Bought a war axe for 115 gold pieces
  4632 | D:4      | Noticed a black bear
  4637 | D:4      | Killed a black bear
  4638 | D:4      | Reached skill level 7 in Necromancy
  4638 | D:4      | Reached XP level 6. HP: 52/52 MP: 5/10
  4726 | D:4      | Noticed a sky beast
  4737 | D:4      | Killed a sky beast
  5030 | D:4      | Found Xemiv's Magic Scroll Shop.
  5245 | D:4      | Reached XP level 7. HP: 61/61 MP: 3/11
  5313 | D:4      | Learned a level 4 spell: Animate Dead
  5320 | D:4      | Bought a scroll of fear for 45 gold pieces
  5368 | D:4      | Found Zemose's Antique Weapon Boutique.
  5431 | D:4      | Found a glowing golden altar of the Shining One.
  5446 | D:4      | Found Biceurgh's Jewellery Shoppe.
  5928 | D:4      | Bought a scroll of identify for 26 gold pieces
  6062 | D:4      | Reached skill level 8 in Necromancy
  6564 | D:5      | Entered Level 5 of the Dungeon
  6769 | D:5      | Learned a level 4 spell: Dispel Undead
  7350 | D:5      | Found a sparkling altar of Nemelex Xobeh.
  7453 | D:5      | Found a staircase to the Ecumenical Temple.
  7462 | Temple   | Entered the Ecumenical Temple
  7477 | Temple   | Became a worshipper of Makhleb the Destroyer
  7811 | D:5      | Reached XP level 8. HP: 64/72 MP: 0/14
  7946 | D:5      | Reached skill level 9 in Necromancy
  8291 | D:5      | Noticed Sigmund
  8298 | D:5      | Killed Sigmund
  9031 | D:5      | Reached skill level 10 in Necromancy
  9442 | D:6      | Noticed a two-headed ogre
  9590 | D:6      | Reached * piety under Makhleb
  9797 | D:6      | Reached skill level 5 in Fighting
  9797 | D:6      | Reached skill level 5 in Spellcasting
  9797 | D:6      | Gained mutation: You passively map the area around you.
                  | [Deep Dwarf growth]
  9797 | D:6      | Reached XP level 9. HP: 56/81 MP: 0/16
 10199 | D:6      | Killed a two-headed ogre
 10200 | D:6      | Reached skill level 11 in Necromancy
 12102 | D:7      | Found a blossoming altar of Fedhas.
 12249 | D:4      | Bought a ring of magical power for 220 gold pieces
 12365 | D:7      | Noticed a troll
 12376 | D:7      | Killed a troll
 12377 | D:7      | Reached skill level 1 in Axes
 12673 | D:7      | Found an opulent altar of Gozag.
 12673 | D:7      | Found a glowing silver altar of Zin.
 12987 | D:8      | Reached skill level 1 in Armour
 12997 | D:8      | Reached skill level 12 in Necromancy
 12997 | D:8      | Reached XP level 10. HP: 70/91 MP: 1/19
 13347 | D:8      | Reached ** piety under Makhleb
 13406 | D:8      | Found a staircase to the Lair.
 13731 | D:8      | Found a large runed translucent door.
 13731 | D:8      | Found a large runed translucent door.
 13734 | D:8      | Noticed Armakuni's ghost (novice HODe)
 13799 | D:8      | Noticed a two-headed ogre
 13810 | D:8      | Killed a two-headed ogre
 14494 | D:8      | Noticed Erica
 14535 | D:8      | Killed Erica
 15964 | D:9      | Found a hazy altar of Hepliaklqana.
 16230 | D:9      | Found a stormy altar of Qazlal.
 16445 | D:9      | Learned a level 6 spell: Death Channel
 16546 | D:9      | Found a staircase to the Orcish Mines.
 16576 | D:9      | Noticed Gastronok
 16624 | Lair:1   | Entered Level 1 of the Lair of Beasts
 16676 | Lair:1   | Noticed a cane toad
 16687 | Lair:1   | Killed a cane toad
 16899 | Lair:1   | Reached skill level 5 in Stealth
 16899 | Lair:1   | Reached XP level 11. HP: 48/96 MP: 0/20
 16914 | Lair:1   | Reached skill level 5 in Axes
 17505 | Lair:1   | Noticed a five-headed hydra
 17516 | Lair:1   | Killed a five-headed hydra
 17517 | Lair:1   | Reached skill level 13 in Necromancy
 17792 | Lair:1   | Reached *** piety under Makhleb
 18699 | Lair:2   | Reached skill level 5 in Dodging
 19035 | Lair:2   | Noticed a six-headed hydra
 19056 | Lair:2   | Killed a six-headed hydra
 19207 | Lair:2   | Learned a level 5 spell: Agony
 19340 | Lair:2   | Reached skill level 5 in Armour
 19539 | Lair:2   | Found a staircase to the Snake Pit.
 19863 | Lair:3   | Reached skill level 1 in Invocations
 19932 | Lair:3   | Reached XP level 12. HP: 76/109 MP: 6/22
 20159 | Lair:3   | Noticed a four-headed hydra
 20169 | Lair:3   | Killed a four-headed hydra
 20647 | Lair:3   | Reached skill level 14 in Necromancy
 20959 | Lair:3   | Noticed a four-headed hydra
 20973 | Lair:3   | Killed a four-headed hydra
 21436 | Lair:4   | Found a staircase to the Swamp.
 22003 | Lair:4   | Noticed Urug
 22019 | Lair:4   | Reached skill level 5 in Invocations
 22027 | Lair:4   | Killed Urug
 22467 | Lair:4   | Reached **** piety under Makhleb
 22540 | Lair:4   | Noticed an eight-headed hydra
 22551 | Lair:4   | Killed an eight-headed hydra
 22808 | Lair:5   | Noticed a boulder beetle
 22826 | Lair:5   | Killed a boulder beetle
 22953 | Lair:5   | Noticed Rupert
 22972 | Lair:5   | Noticed a death yak
 22973 | Lair:5   | Noticed a death yak
 22973 | Lair:5   | Noticed a death yak
 22973 | Lair:5   | Noticed a death yak
 22975 | Lair:5   | Noticed a death yak
 22976 | Lair:5   | Noticed a death yak
 22994 | Lair:5   | Killed a death yak
 22996 | Lair:5   | Killed a death yak
 22998 | Lair:5   | Killed a death yak
 22999 | Lair:5   | Killed a death yak
 22999 | Lair:5   | Killed a death yak
 23000 | Lair:5   | Reached XP level 13. HP: 69/117 MP: 24/24
 23110 | Lair:5   | Found a staircase to the Slime Pits.
 23110 | Lair:5   | Found a viscous altar of Jiyva.
 23813 | Lair:5   | Noticed Nessos
 24198 | Orc:1    | Entered Level 1 of the Orcish Mines
 24641 | Orc:1    | Slain by a two-headed ogre

Illustrated notes

Levels and vault maps discovered:
D:1:      amcnicky_arrival_flooded_fountain, layout_loops_corners
D:2:      layout_basic, hellmonk_ecumenical_altar_pennies_from_heaven,
          serial_shops, shop, nicolae_figureground_pulse
D:3:      layout_loops_ring, mainiacjoe_overflow_catwalk, minmay_quadrilaterals,
          uniq_terence
D:4:      kb_forest_paths, layout_basic, mainiacjoe_overflow_tiny_flanked,
          serial_shops, nicolae_shop_advertising_works
          [nicolae_subvault_shop_adworks], nicolae_shop_behind_doors,
          nicolae_stop_n_shop_1, nicolae_stop_n_shop_1
D:5:      minmay_spotlight, layout_loops_ring, mainiacjoe_overflow_24_doors,
          minmay_temple_entry_drinking_statues,
          amcnicky_mini_rare_corridor_liquid, st_stairs_14, uniq_sigmund
D:6:      layout_loops_ring, serial_glass, glass_columns_a, glass_columns_b,
          chequers_serial_rivers_micro_e
D:7:      layout_gridville, grunt_temple_overflow_gold_and_silver,
          fedhas_ov_isle_minmay
D:8:      layout_gridville, grunt_lair_entry_orc_guard_hut,
          ebering_ghost_disaster_area, enter_bailey_2, minmay_misc_feat_roman,
          nicolae_two_hexagons, serial_bayou_lagoon_a, grunt_decor_clamped,
          uniq_erica
D:9:      layout_basic, lemuel_round_altar, lemuel_tele_altar, orc_0_dummy,
          minivault_23, uniq_gastronok
Temple:   hc_temple_tempest_star
Lair:1:   layout_chaotic_city
Lair:2:   layout_layer_cave, dummy_snake_entry, grunt_megastairs_4
Lair:3:   layout_chaotic_city, infiniplex_staircase_pool_2, grunt_megastairs_3
Lair:4:   layout_gridlike, swamp_mist, lemuel_fruit_fields, uniq_urug
Lair:5:   layout_regular_city, slime_altar_1,
          eino_small_chamber_without_monster, serial_bayou_lagoon_b,
          uniq_nessos, uniq_rupert
Orc:1:    layout_caves, portal_ice_cave_demonic_guard,
          hellmonk_guarded_unrand_dark_maul

Skill      XL: |  1  2  3  4  5  6  7  8  9 10 11 12 13 |
---------------+----------------------------------------+-----
Necromancy     | 5 6 7 8 10 12 13 14 | 14.8
Spellcasting   | 2 3 4 5 6 7 |  7.8
Fighting       | 1 2 3 5 6 7 8 |  8.2
Axes           | 1 4 7 9 |  9.3
Armour         | 1 3 5 6 |  6.6
Stealth        | 3 5 6 |  6.4
Dodging        | 4 5 6 7 |  7.0
Invocations    | 2 6 7 |  7.2
Evocations     | |  0.4

Action                   |  1- 3 |  4- 6 |  7- 9 | 10-12 | 13-15 || total
-------------------------+-------+-------+-------+-------+-------++-------
Melee: Dagger            |     4 |     7 |       |       |       ||    11
       War axe           |       |     4 |    90 |   182 |    41 ||   317
       Punch             |       |       |     1 |     5 |     1 ||     7
 Fire: Hand crossbow     |       |       |       |     8 |       ||     8
Throw: Dart              |       |       |     2 |       |       ||     2
 Cast: Pain              |    68 |    64 |    91 |    68 |    12 ||   303
       Animate Skeleton  |    14 |     4 |    13 |    12 |       ||    43
       Vampiric Draining |     5 |    12 |    83 |   234 |    51 ||   385
       Animate Dead      |       |       |     9 |    14 |     3 ||    26
       Dispel Undead     |       |       |    12 |     5 |       ||    17
       Death Channel     |       |       |       |    13 |     4 ||    17
       Agony             |       |       |       |     2 |       ||     2
Invok: Minor Destruction |       |       |       |    10 |       ||    10
       Lesser Servant of |       |       |       |     1 |     1 ||     2
 Abil: Heal Wounds       |       |       |     3 |     2 |       ||     5
Evoke: Condenser vane    |       |       |       |     1 |       ||     1
  Use: Scroll            |     2 |     6 |    12 |     8 |     2 ||    30
       Potion            |       |       |     1 |     1 |     1 ||     3
 Stab: Sleeping          |     2 |     2 |     2 |       |       ||     6
       Distracted        |       |       |       |     3 |       ||     3
Armor: Robe              |     5 |    11 |    57 |       |       ||    73
       Steam dragon scal |       |       |    21 |   307 |    56 ||   384
Dodge: Dodged            |    20 |    16 |   138 |   448 |   103 ||   725
